 Dungeon Crawl Stone Soup version 0.26-a0-752-gcff87cac9a (webtiles) character file.

Game seed: 6984558531721085551

30 Chiseanne the Magician (level 3, -3/24 HPs)
             Began as a Demonspawn Hedge Wizard on Nov 6, 2020.
             Killed from afar by Sigmund (8 damage)
             ... with a magic dart
             ... on level 2 of the Dungeon.
             The game lasted 00:03:16 (1778 turns).

Chiseanne the Magician (Demonspawn Hedge Wizard)    Turns: 1778, Time: 00:03:17

Health: -3/24      AC:  2    Str: 10    XL:     3   Next: 5%
Magic:  3/8        EV: 12    Int: 16    God:
Gold:   36         SH:  5    Dex: 12    Spells: 3/9 levels left

rFire    . . .     SeeInvis .   a - +0 dagger
rCold    . . .     Faith    .   (no shield)
rNeg     . . .     Spirit   .   b - +0 robe
rPois    .         Reflect  +   c - +0 hat
rElec    .         Harm     .   (no cloak)
rCorr    .         Rampage  .   (no gloves)
MR       .....                  d - -2 pair of boots (curse)
Stlth    ++........             m - amulet of reflection
HPRegen  0.08/turn              (no ring)
MPRegen  0.11/turn              (no ring)

@: no status effects
A: rugged brown scales 1
a: no special abilities


You were on level 2 of the Dungeon.
You visited 1 branch of the dungeon, and saw 2 of its levels.

You collected 36 gold pieces.

Inventory:

Hand Weapons
 a - a +0 dagger (weapon)
Missiles
 j - 13 arrows
Armour
 b - a +0 robe (worn)
 c - a +0 hat (worn)
 d - a cursed -2 pair of boots (worn)
Jewellery
 m - an amulet of reflection (around neck)
Scrolls
 h - a scroll of fog
Potions
 f - a potion of resistance
 g - 3 potions of curing
 i - a potion of heal wounds {unknown}
 k - a potion of invisibility {unknown}
 l - a potion of brilliance


   Skills:
 - Level 1.7 Dodging
 - Level 1.7 Stealth
 * Level 3.5 Spellcasting
 * Level 2.2 Conjurations
   Level 1.0 Summonings
 - Level 0.8 Translocations


You had 3 spell levels left.
You knew the following spells:

 Your Spells              Type           Power        Failure   Level
a - Magic Dart            Conj           ##..         7%          1
b - Blink                 Tloc           N/A          19%         2
d - Mephitic Cloud        Conj/Pois/Air  #.......     36%         3

Your spell library contained the following spells:

 Spells                   Type           Power        Failure   Level
 Call Imp                 Summ           #.......     19%         2
 Slow                     Hex            #.......     26%         2
 Conjure Flame            Conj/Fire      #.......     32%         3


Dungeon Overview and Level Annotations

Branches:
Dungeon (2/15)

Altars:
Fedhas

Annotations:
D:2 Sigmund


Innate Abilities, Weirdness & Mutations

You are partially covered in rugged brown scales. (AC +1, +3% HP)


Message History

You hit the kobold.
The kobold is severely wounded.
Sigmund mumbles some strange words.
Sigmund flickers and vanishes!
Deactivating autopickup; reactivate with Ctrl-A.
The kobold hits you.
You hit the kobold.
You kill the kobold!
Casting: Magic Dart (safe; 7% risk of failure)
Confirm with . or Enter, or press ? or * to list all spells.
You don't have enough magic to cast that spell.
A magic dart appears from out of thin air!
The magic dart hits you.
A puff of flame appears from out of thin air!
The puff of flame hits you!
* * * LOW HITPOINT WARNING * * *
Something tries to affect you, but you resist.
A magic dart appears from out of thin air!
The magic dart hits you!
You die...

#..≈≈≈≈≈≈≈≈≈..# ##.###§§.§#
#..≈≈≈≈≈≈≈...# #...§§§§§§#
#...≈≈≈...#.###..####§§§#
#......##.#....# #§§§#
#..###.##.#.#.## ##§§#
##.###.##.#.#.######§§#
#..##......#..........
#.###.#####.#############
#.......@.#.# # #####..##.#.#
# ##.##.#.############# #
#..#.#.##........... #.
##.#.#.##........... #.#####
#.#.#.##........... #.....#
#.#{#†##...........
#.....#####...#.##...........
#......†......#.##...........


There were no monsters in sight!

Vanquished Creatures
  A leopard gecko (D:1)
  2 giant cockroaches (D:1)
  4 hobgoblins
  3 jackals (D:1)
  5 kobolds
  4 bats
  2 frilled lizards (D:1)
  2 goblins
  8 rats
31 creatures vanquished.

Notes
Turn   | Place    | Note
-------+----------+-------------------------------------------
     0 | D:1      | Chiseanne the Demonspawn Hedge Wizard began the quest for
                  | the Orb.
     0 | D:1      | Reached XP level 1. HP: 13/13 MP: 4/4
    18 | D:1      | Noticed a snapping turtle
    18 | D:1      | Noticed a black bear
    18 | D:1      | Noticed a salamander
    18 | D:1      | Noticed a redback
    18 | D:1      | Noticed a hog
   318 | D:1      | Gained mutation: You are partially covered in rugged brown
                  | scales. (AC +1, +3% HP) [demonic ancestry]
   318 | D:1      | Reached XP level 2. HP: 13/19 MP: 3/6
  1643 | D:2      | Reached XP level 3. HP: 24/24 MP: 5/8
  1712 | D:2      | Found a blossoming altar of Fedhas.
  1732 | D:2      | Noticed Sigmund
  1739 | D:2      | Learned a level 2 spell: Blink
  1743 | D:2      | Learned a level 3 spell: Mephitic Cloud
  1778 | D:2      | Killed from afar by Sigmund

Illustrated notes

Levels and vault maps discovered:
D:1:      onia_arrival_zoo_common, layout_basic, grunt_decor_clamped
D:2:      layout_basic, fedhas_ov_isle_minmay, uniq_sigmund

Skill      XL: |  1  2 |
---------------+-------+-----
Conjurations   | 2 |  2.2
Dodging        | |  1.7
Stealth        | |  1.7
Spellcasting   | |  3.5
Summonings     | |  1.0
Translocations | |  0.8

Action                   || total
-------------------------++-------
Melee: Dagger            ||    12
 Cast: Magic Dart        ||    72
       Mephitic Cloud    ||     1
  Use: Scroll            ||     7
 Stab: Sleeping          ||     1
Armor: Robe              ||     2
Dodge: Dodged            ||     6

Table legend: (Time is in decaauts)
 A = Elapsed time spent in this place.
 B = Non-inter-level travel time spent in this place.
 C = Inter-level travel time spent in this place.
 D = Time resting spent in this place.
 E = Time spent auto-exploring this place.
 F = Levels seen in this place.
 G = Mean time per level.
                   A        B        C        D        E       F      G
               +--------+--------+--------+--------+--------+-----+--------+
         Total |   1777 |   1764 |     13 |    665 |    913 |   2 |  888.5 |
       Dungeon |   1777 |   1764 |     13 |    665 |    913 |   2 |  888.5 |
               +--------+--------+--------+--------+--------+-----+--------+

Top non-repeatable levels by time:
     D:1: 1396 daAuts
     D:2: 381 daAuts
